 Dungeon Crawl Stone Soup version 0.30-a0-242-g7bf8e6d787 (webtiles) character file.

Game seed: 7964727566937508098

129 Grendel1414 the Cudgeller (level 4, 0/35 HPs)
             Began as a Mummy Cinder Acolyte on Oct 11, 2022.
             Was a High Priest of Ignis.
             Slain by a gnoll
             ... wielding a +3 halberd
              (3 damage)
             ... on level 3 of the Dungeon.
             The game lasted 00:05:01 (2643 turns).

Grendel1414 the Cudgeller (Mummy Cinder Acolyte)    Turns: 2643, Time: 00:05:01

Health: 0/35       AC: 12    Str: 19    XL:     4   Next: 88%
Magic:  6/6        EV:  9    Int: 13    God:    Ignis [*****.]
Gold:   168        SH:  0    Dex: 13    Spells: 4/6 levels left

rFire   + + .      SeeInvis .    a - -1 mace (flame)
rCold   . . .      Faith    +    (no shield)
rNeg    + + +      Spirit   .    c - +0 fire dragon scales
rPois   ∞          Reflect  .    p - +0 helmet
rElec   .          Harm     .    (no cloak)
rCorr   .          Rampage  .    i - +2 pair of gloves
Will    .....                    (no boots)
Stlth   ..........               (no amulet)
HPRegen 0.25/turn                k - +6 ring of dexterity
MPRegen 0.10/turn                (no ring)

@: no status effects
A: cold resistance 1, negative energy resistance 3, torment resistance 2, heat
vulnerability 1, in touch with death 1, no potions, faith
a: Renounce Religion, Fiery Armour, Foxfire Swarm, Rising Flame


You were on level 3 of the Dungeon.
You worshipped Ignis.
Ignis was extremely pleased with you.
You visited 1 branch of the dungeon, and saw 3 of its levels.

You collected 168 gold pieces.

Inventory:

Hand Weapons
 a - a -1 mace of flaming (weapon)
Missiles
 n - a throwing net (quivered)
 o - 6 javelins
Armour
 c - +0 fire dragon scales (worn)
 i - a +2 pair of gloves (worn)
 p - a +0 helmet (worn)
Jewellery
 g - a ring of ice
 k - a +6 ring of dexterity (left hand)
Scrolls
 d - a scroll of poison {unknown}
 e - 4 scrolls of identify {unknown}
 f - a scroll of noise {unknown}
 h - 2 scrolls of fog {unknown}
 j - a scroll of fear {unknown}
 l - a scroll of silence {unknown}
 m - a scroll of enchant weapon {unknown}


   Skills:
 + Level 3.4 Fighting
 + Level 3.5 Maces & Flails
 + Level 1.0 Armour
 + Level 1.4 Dodging
 + Level 0.4 Stealth
 + Level 1.7 Spellcasting
 + Level 2.5 Fire Magic


You had 4 spell levels left.
You knew the following spells:

 Your Spells              Type           Power      Damage    Failure   Level
a - Scorch                Fire           14%        2d6       47%         2

Your spell library contained the following spells:

 Spells                   Type           Power      Damage    Failure   Level


Dungeon Overview and Level Annotations

Branches:
Dungeon (3/15)

Altars:

Shops:
D:1 ?


Innate Abilities, Weirdness & Mutations

You are immune to poison.
Your flesh is cold resistant. (rC+)
You are immune to negative energy. (rN+++)
You are immune to unholy pain and torment.
You are vulnerable to heat. (rF-)
You are in touch with the powers of death.
You do not drink.
You have a special connection with the divine. (Faith)


Message History

The gnoll barely misses you.
You sock the gnoll! You burn the gnoll.
You kill the gnoll!
The gnoll closely misses you. The gnoll barely misses you.
You hit the gnoll. You burn the gnoll.
The gnoll is moderately wounded.
The gnoll hits you from afar with a +3 halberd!
The gnoll barely misses you.
You hit the gnoll. You burn the gnoll.
The gnoll is severely wounded.
The gnoll barely misses you. The gnoll closely misses you. x2
You hit the gnoll. You burn the gnoll.
The gnoll is almost dead.
The gnoll hits you from afar with a +3 halberd.
The gnoll barely misses you. The gnoll closely misses you.
The gnoll hits you from afar with a +3 halberd!
The gnoll barely misses you. x2
You are too injured to fight recklessly!
You are too injured to fight recklessly!
You are too injured to fight recklessly!
You are too injured to fight recklessly!
You are too injured to fight recklessly!
You are too injured to fight recklessly!
You are too injured to fight recklessly!
You are too injured to fight recklessly!
You are too injured to fight recklessly!
You are too injured to fight recklessly!
You are too injured to fight recklessly!
You are too injured to fight recklessly!
You are too injured to fight recklessly!
You are too injured to fight recklessly!
You barely miss the gnoll.
The gnoll is almost dead.
The gnoll hits you from afar with a +3 halberd!
* * * LOW HITPOINT WARNING * * *
The gnoll barely misses you. The gnoll hits you but does no damage.
You closely miss the gnoll.
The gnoll is almost dead.
The gnoll hits you from afar with a +3 halberd.
You die...

# #. #. ###### ##.#
#..... #.g. #!#.##
###...### ########.#.#.
#....g@.###............
#....g......######.....
#.......##### ###.##
#.#...### #.## # #...
#.#[ ### ..#.# #...
#...#[.< ###. #.. ..##
########. <.#.
#........


You could see 3 gnolls.

Vanquished Creatures
  Robin (D:2)
  2 adders
  A gnoll (D:3)
  4 worms
  A dart slug (D:2)
  An orc (D:3)
  4 ball pythons
  4 endoplasms
  4 giant cockroaches
  14 goblins
  8 hobgoblins
  5 jackals
  5 kobolds
  3 quokkas
  6 bats
  3 frilled lizards
  2 rats (D:2)
68 creatures vanquished.

Notes
Turn   | Place    | Note
-------+----------+-------------------------------------------
     0 | D:1      | Grendel1414 the Mummy Cinder Acolyte began the quest for
                  | the Orb.
     0 | D:1      | Reached XP level 1. HP: 18/18 MP: 2/2
   261 | D:1      | Reached XP level 2. HP: 23/24 MP: 4/4
   545 | D:1      | Learned a level 2 spell: Scorch
   563 | D:1      | Found Apneg's Magic Scroll Shoppe.
   797 | D:2      | Noticed Robin
   809 | D:2      | Killed Robin
   810 | D:2      | Reached skill level 1 in Dodging
   810 | D:2      | Gained mutation: You are in touch with the powers of death.
                  | [Mummy growth]
   810 | D:2      | Reached XP level 3. HP: 22/29 MP: 5/5
  1141 | D:2      | Reached XP level 4. HP: 21/35 MP: 6/6
  1262 | D:2      | Found a faded altar of an unknown god.
  2318 | D:3      | Reached skill level 1 in Armour
  2643 | D:3      | Slain by a gnoll

Illustrated notes

Levels and vault maps discovered:
D:1:      co_arrival_random_square_maze, layout_basic, serial_shops,
          nicolae_diamond_shop
D:2:      layout_basic, chequers_ecumenical_altar_twisty, serial_rivers,
          chequers_serial_rivers_marsh, chequers_serial_rivers_micro_b,
          chequers_serial_rivers_large_a, chequers_serial_rivers_room_b,
          chequers_serial_rivers_small_b, uniq_robin
D:3:      layout_loops_ring, minmay_fractal_squares_5

Skill      XL: |  1  2  3  4 |
---------------+-------------+-----
Dodging        | 1 |  1.4
Maces & Flails | 3 |  3.5
Armour         | 1 |  1.0
Fighting       | |  3.4
Stealth        | |  0.4
Spellcasting   | |  1.7
Fire Magic     | |  2.5

Action                   |  1- 3 |  4- 6 || total
-------------------------+-------+-------++-------
Melee: Mace              |   123 |   118 ||   241
Armor: Robe              |    35 |       ||    35
       Fire dragon scale |    72 |    85 ||   157
Dodge: Dodged            |   130 |    60 ||   190

Table legend: (Time is in decaauts)
 A = Elapsed time spent in this place.
 B = Non-inter-level travel time spent in this place.
 C = Inter-level travel time spent in this place.
 D = Time resting spent in this place.
 E = Time spent auto-exploring this place.
 F = Levels seen in this place.
 G = Mean time per level.
                   A        B        C        D        E       F      G
               +--------+--------+--------+--------+--------+-----+--------+
         Total |   2711 |   2651 |     60 |    152 |   1736 |   3 |  903.7 |
       Dungeon |   2711 |   2651 |     60 |    152 |   1736 |   3 |  903.7 |
               +--------+--------+--------+--------+--------+-----+--------+

Top non-repeatable levels by time:
     D:2: 1109 daAuts
     D:1: 1018 daAuts
     D:3: 583 daAuts
